 Seeded DCSS version 0.28.0-43-g3370ac3207 (webtiles) character file.

Game seed: 7398478755600371734 (custom seed)

389 hikkokomori the Skirmisher (level 6, -3/56 HPs)
             Began as a Hill Orc Fighter on Mar 1, 2022.
             Slain by a scorpion (8 damage)
             ... on level 4 of the Dungeon.
             The game lasted 00:03:19 (3870 turns).

hikkokomori the Skirmisher (Hill Orc Fighter)       Turns: 3870, Time: 00:03:21

Health: -3/56      AC:  8    Str: 21    XL:     6   Next: 79%
Magic:  6/6        EV:  9    Int:  8    God:
Gold:   160        SH:  5    Dex: 10    Spells: 5/5 levels left

rFire   . . .      SeeInvis .   a - +0 war axe
rCold   . . .      Faith    .   c - +0 buckler
rNeg    . . .      Spirit   .   b - +0 scale mail
rPois   .          Reflect  .   h - +0 helmet
rElec   .          Harm     .   (no cloak)
rCorr   .          Rampage  .   (no gloves)
Will    .....                   (no boots)
Stlth   ..........              (no amulet)
HPRegen 0.18/turn               (no ring)
MPRegen 0.10/turn               (no ring)

@: lethally poisoned (-3 -> -10)
A: no striking features
a: no special abilities


You were on level 4 of the Dungeon.
You visited 1 branch of the dungeon, and saw 4 of its levels.

You collected 160 gold pieces.

Inventory:

Hand Weapons
 a - a +0 war axe (weapon)
Armour
 b - a +0 scale mail (worn)
 c - a +0 buckler (worn)
 h - a +0 helmet (worn)
Jewellery
 r - a ring of ice
Scrolls
 e - a scroll of silence {unknown}
 g - a scroll of teleportation {unknown}
 i - 2 scrolls of identify
 j - a scroll of magic mapping {unknown}
 k - 2 scrolls of amnesia {unknown}
 l - a scroll of noise {unknown}
 n - 2 scrolls of fear {unknown}
 p - 3 scrolls of immolation
 s - a scroll of blinking {unknown}
 w - a scroll of enchant armour {unknown}
Potions
 d - a potion of might
 f - a potion of lignification {unknown}
 m - 2 potions of degeneration {unknown}
 o - 2 potions of ambrosia
 q - a potion of resistance {unknown}
 t - 2 potions of flight {unknown}
 u - 2 potions of heal wounds {unknown}
 v - 2 potions of haste {unknown}


   Skills:
 + Level 5.5 Fighting
 + Level 5.0 Axes
 + Level 4.9 Armour
 + Level 4.9 Shields


You had 5 spell levels left.
You didn't know any spells.
Your spell library contained the following spells:

 Spells                   Type           Power      Damage    Failure   Level
 Magic Dart               Conj           0%         1d3       82%         1
 Call Imp                 Summ           0%         N/A       91%         2
 Mephitic Cloud           Conj/Pois/Air  0%         N/A       99%         3


Dungeon Overview and Level Annotations

Branches:
Dungeon (4/15)
 Temple: D:4-7

Altars:
Elyvilon

Shops:
D:1 *


Message History

The scorpion poisons you!
You barely miss the scorpion.
The scorpion is severely wounded.
You feel very sick. The scorpion barely misses you. The scorpion stings you!
You are more poisoned.
The scorpion poisons you!
You are too injured to fight recklessly!
You are too injured to fight recklessly!
You are too injured to fight recklessly!
You are too injured to fight recklessly!
You are too injured to fight recklessly!
You are too injured to fight recklessly!
You are too injured to fight recklessly!
You are too injured to fight recklessly!
You are too injured to fight recklessly!
A scorpion is nearby!
You are too injured to fight recklessly!
You hit the scorpion.
The scorpion is almost dead.
You feel very sick. The scorpion barely misses you.
You closely miss the scorpion.
The scorpion is almost dead.
You feel very sick. The scorpion stings you.
* * * LOW HITPOINT WARNING * * *
You block the scorpion's attack.
You hit the scorpion but do no damage.
The scorpion is almost dead.
* * * LOW HITPOINT WARNING * * *
You feel very sick.
The scorpion stings you but does no damage.
You barely miss the scorpion.
The scorpion is almost dead.
* * * LOW HITPOINT WARNING * * *
You feel sick.
The scorpion stings you but does no damage.
The scorpion stings you!
You die...

#.......#...##..
#...............
####..........#..##
###........#....#..##
#...########..#....#
#.. ##..#..#.# #.#
##...#..#.. #.s##
#.......... #.@#
#......###.
##.#####.....##
#............#
#............#
#............#
#........#####
#........# ##########


You could see a scorpion.

Vanquished Creatures
  A phantom (D:4)
  A scorpion (D:4)
  A bullfrog skeleton (D:3)
  2 orc wizards (D:4)
  A hound skeleton (D:4)
  5 adders
  2 adder skeletons (D:4)
  A worm (D:2)
  25 orcs
  5 ball pythons
  2 bats
  9 endoplasms
  A giant cockroach (D:2)
  9 goblins
  5 hobgoblins
  3 jackals (D:4)
  2 quokkas
  4 frilled lizards
  8 kobolds
  5 rats
92 creatures vanquished.

Notes
Turn   | Place    | Note
-------+----------+-------------------------------------------
     0 | D:1      | hikkokomori the Hill Orc Fighter began the quest for the
                  | Orb.
     0 | D:1      | Reached XP level 1. HP: 19/19 MP: 1/1
   468 | D:1      | Reached XP level 2. HP: 26/27 MP: 2/2
   589 | D:1      | Found Refaucue's General Store.
   792 | D:1      | Found a faded altar of an unknown god.
  1198 | D:2      | Reached XP level 3. HP: 21/33 MP: 3/3
  1923 | D:2      | Reached XP level 4. HP: 40/41 MP: 4/4
  2875 | D:3      | Reached XP level 5. HP: 43/47 MP: 5/5
  3559 | D:4      | Found a white marble altar of Elyvilon.
  3572 | D:4      | Reached skill level 5 in Fighting
  3572 | D:4      | Reached XP level 6. HP: 50/56 MP: 6/6
  3754 | D:4      | Reached skill level 5 in Axes
  3870 | D:4      | Slain by a scorpion

Illustrated notes

Levels and vault maps discovered:
D:1:      evilmike_arrival_plus, layout_basic, serial_shops,
          nicolae_diamond_shop, basic_ecumenical_altar, minmay_box_of_dots
D:2:      layout_loops_corners, chequers_serial_rivers_marsh, chequers_garden
D:3:      layout_basic, minivault_27
D:4:      layout_rooms, lemuel_crystal_altar

Skill      XL: |  1  2  3  4  5  6 |
---------------+-------------------+-----
Axes           | 3 4 5 |  5.0
Fighting       | 4 5 |  5.5
Armour         | 4 |  4.9
Shields        | 4 |  4.9

Action                   |  1- 3 |  4- 6 || total
-------------------------+-------+-------++-------
Melee: War axe           |    85 |   160 ||   245
  Use: Scroll            |       |     2 ||     2
Armor: Scale mail        |    27 |   104 ||   131
Dodge: Dodged            |    28 |    69 ||    97
Block: Buckler           |    18 |    31 ||    49
